 Dungeon Crawl Stone Soup version 0.28.0 (webtiles) character file.

Game seed: 6803150527869564875

595 RighteousDevil the Carver (level 7, -6/57 HPs)
             Began as a Black Draconian Cinder Acolyte on Feb 5, 2022.
             Was an Initiate of Ignis.
             Killed by divine providence
             ... invoked by an orc priest
              (17 damage)
             ... on level 5 of the Dungeon.
             The game lasted 00:11:29 (4415 turns).

RighteousDevil the Carver (DrCA)                    Turns: 4415, Time: 00:11:30

Health: -6/57      AC: 14    Str: 20    XL:     7   Next: 16%
Magic:  9/9        EV: 19    Int: 17    God:    Ignis [......]
Gold:   130        SH:  0    Dex:  6    Spells: 7/9 levels left

rFire   + . .      SeeInvis .   b - +1 scimitar
rCold   . . .      Faith    .   (no shield)
rNeg    . . .      Spirit   .   (armour unavailable)
rPois   .          Reflect  .   (helmet restricted)
rElec   +          Harm     .   (no cloak)
rCorr   .          Rampage  .   (no gloves)
Will    .....                   i - +0 pair of boots
Stlth   +.........              (no amulet)
HPRegen 0.19/turn               g - ring of Adue {Fly EV+4 Str+4}
MPRegen 0.11/turn               j - +4 ring of evasion

@: fiery-armoured, flying
A: breathe lightning, AC +6, unfitting armour, electricity resistance,
cold-blooded
a: Breathe Lightning, Renounce Religion, Rising Flame


You were on level 5 of the Dungeon.
You worshipped Ignis.
Ignis was noncommittal.
You visited 1 branch of the dungeon, and saw 5 of its levels.

You collected 205 gold pieces.
You spent 75 gold pieces at shops.

Inventory:

Hand Weapons
 a - a -1 falchion of venom
 b - a +1 scimitar (weapon)
Armour
 i - a +0 pair of boots (worn)
Jewellery
 d - an amulet of faith
 g - the ring of Adue (left hand) {Fly EV+4 Str+4}
   (You found it on level 2 of the Dungeon)

   [ring of evasion]

   EV:        It affects your evasion (+4).
   Str:       It affects your strength (+4).
   Fly:       It grants you flight.
 j - a +4 ring of evasion (right hand)
 m - a ring of willpower
Wands
 f - a wand of flame (29)
Scrolls
 c - 2 scrolls of identify
 h - a scroll of amnesia
 l - a scroll of teleportation


   Skills:
 - Level 3.2 Fighting
 + Level 8.0 Long Blades
 - Level 1.5 Spellcasting
 - Level 3.3 Fire Magic


You had 7 spell levels left.
You knew the following spells:

 Your Spells              Type           Power      Damage    Failure   Level
a - Scorch                Fire           24%        2d6       8%          2

Your spell library contained the following spells:

 Spells                   Type           Power      Damage    Failure   Level
 Pain                     Necr           4%         1d4       21%         1
 Petrify                  Tmut/Erth      1%         N/A       90%         4
 Agony                    Necr           1%         N/A       99%         5
 Excruciating Wounds      Necr           0%         N/A       99%         5
 Metabolic Englaciation   Hex/Ice        0%         N/A       99%         5
 Statue Form              Tmut/Erth      0%         N/A       100%        6


Dungeon Overview and Level Annotations

Branches:
Dungeon (5/15)
 Temple: D:4-7

Altars:

Shops:
D:1 !   D:2 (   D:4 ?*((


Innate Abilities, Weirdness & Mutations

You can breathe wild blasts of lightning.
Your glossy black scales are hard. (AC +6)
You cannot fit into any form of body armour.
You are resistant to electric shocks. (rElec)
You are cold-blooded and may be slowed by cold attacks.


Message History

The puff of flame hits you. You resist.
The orc priest calls down the wrath of Beogh upon you.
Pain shoots through your body!
The orc wizard gestures wildly while chanting.
The orc wizard flickers and vanishes!
The orc priest casts a cantrip, but nothing happens.
A protective cloak of flame settles atop you.
The orc wizard hits you with a +0 dagger.
The orc wizard is burned by your cloak of flames.
The orc wizard is lightly wounded.
Something hits you. The orc closely misses you.
You barely miss the orc wizard.
The orc wizard is lightly wounded.
Something misses you.
The orc wizard hits you with a +0 dagger.
The orc wizard is burned by your cloak of flames.
The orc wizard is lightly wounded.
You hit the orc priest.
The orc priest is moderately wounded.
The orc priest mumbles some strange prayers to Beogh against you.
You struggle to resist.
The orc wizard hits you but does no damage.
The orc wizard is burned by your cloak of flames.
The orc wizard is lightly wounded.
You hear some strange, mumbled words.
A puff of flame appears from out of thin air!
The puff of flame hits you but does no damage.
You resist. The orc priest misses you.
The orc priest invokes the aid of Beogh against you.
Beogh smites you!
* * * LOW HITPOINT WARNING * * *
Activating: Foxfire Swarm
Press: ? - help, Dir - look around, f - activate Flames leap up around you!
You can no longer armour yourself in flame.
You can no longer call a swarm of foxfires against your foes.
Something barely misses you.
The orc priest calls down the wrath of Beogh upon you.
Beogh smites you!
You die...

[# #####.####
#####[.......#
##$..........#
####............#
#...............#
#.........ovovv.#
..........o{.vv.#
........>.oo@vv.#
..........ovvvv<#
.###..?...vvvvv##
#........(..#
......##.##'##
#......##.##.#
#...... #..#.#
.... .#.#.# o .{#


You could see 2 orc priests, an orc wizard (ally target) and 3 orcs.

Vanquished Creatures
  An orc warrior (D:2)
  2 ogres (D:4)
  A scorpion (D:5)
  An orc priest (D:3)
  A jelly (D:4)
  An iguana (D:4)
  3 gnolls (D:2)
  3 adders
  An adder skeleton (D:4)
  2 dart slugs
  8 orcs
  6 endoplasms
  5 giant cockroaches
  9 goblins
  10 hobgoblins
  15 jackals
  12 kobolds
  3 quokkas
  8 ball pythons
  5 bats
  3 frilled lizards
  5 rats
105 creatures vanquished.

Vanquished Creatures (others)
  52 foxfires
52 creatures vanquished.

Grand Total: 157 creatures vanquished

Notes
Turn   | Place    | Note
-------+----------+-------------------------------------------
     0 | D:1      | RighteousDevil the Draconian Cinder Acolyte began the quest
                  | for the Orb.
     0 | D:1      | Reached XP level 1. HP: 19/19 MP: 2/2
    52 | D:1      | Reached XP level 2. HP: 7/26 MP: 3/3
   519 | D:1      | Reached XP level 3. HP: 20/31 MP: 5/5
   683 | D:1      | Found Rikhuh's Distillery.
  1062 | D:2      | Reached skill level 4 in Long Blades
  1191 | D:2      | Reached XP level 4. HP: 5/38 MP: 6/6
  2064 | D:2      | Identified the ring of Adue {Fly EV+4 Str+4}
  2190 | D:2      | Found Ximem's Antique Weapon Boutique.
  2490 | D:3      | Noticed an orc warrior
  2519 | D:2      | Reached skill level 5 in Long Blades
  2761 | D:2      | Killed an orc warrior
  2762 | D:2      | Reached skill level 6 in Long Blades
  2762 | D:2      | Reached XP level 5. HP: 10/45 MP: 7/7
  3254 | D:3      | Reached XP level 6. HP: 51/51 MP: 8/8
  3473 | D:4      | Found Faekauqu's Assorted Antiques.
  3507 | D:4      | Found Civiraek's Antique Weapon Boutique.
  3523 | D:4      | Reached skill level 7 in Long Blades
  3560 | D:4      | Found Wuguquab's Weapon Shoppe.
  3639 | D:4      | Learned a level 2 spell: Scorch
  3694 | D:4      | Found Koppaow's Magic Scroll Boutique.
  3703 | D:4      | Bought a scroll of enchant weapon for 75 gold pieces
  3981 | D:5      | Entered Level 5 of the Dungeon
  4110 | D:4      | Reached skill level 8 in Long Blades
  4110 | D:4      | Your scales start taking on a glossy black colour.
  4110 | D:4      | Reached XP level 7. HP: 10/57 MP: 9/9
  4110 | D:4      | Gained mutation: You are resistant to electric shocks.
                  | (rElec) [Black Draconian growth]
  4415 | D:5      | Killed from afar by an orc priest

Illustrated notes

Levels and vault maps discovered:
D:1:      dpeg_arrival_simpleton_c, layout_rooms, serial_shops,
          nicolae_lakefront_shop
D:2:      cheibrodos_greedy_goblins, layout_basic, serial_shops, shop_fountains
D:3:      layout_rooms
D:4:      layout_cave_pools, serial_shops, nicolae_shop_crystal,
          nicolae_shop_trees, nicolae_shop_trees, nicolae_shop_crystal,
          dk_noncrumbling_4, minmay_misc_feat_doors
D:5:      kb_forest_paths, layout_basic, kennysheep_little_box

Skill      XL: |  1  2  3  4  5  6 |
---------------+-------------------+-----
Long Blades    | 4 6 8 |  8.0
Fighting       | |  3.2
Spellcasting   | |  1.5
Fire Magic     | |  3.3

Action                   |  1- 3 |  4- 6 |  7- 9 || total
-------------------------+-------+-------+-------++-------
Melee: Falchion          |   105 |    73 |       ||   178
       Tailslap          |     6 |    12 |       ||    18
       Punch             |     1 |     5 |       ||     6
       Scimitar          |       |   105 |     3 ||   108
 Cast: Scorch            |       |     1 |       ||     1
Invok: Foxfire Swarm     |     2 |     3 |     1 ||     6
       Fiery Armour      |     2 |     1 |     1 ||     4
  Use: Scroll            |     3 |     5 |     2 ||    10
       Potion            |       |     2 |       ||     2
Armor: Skin              |    76 |    66 |     2 ||   144
Dodge: Dodged            |    99 |   172 |    17 ||   288
